 Dungeon Crawl Stone Soup version 0.31.0-11-ge490571c62 (webtiles) character file.

Game seed: 6107034014824070206

2818703 Khashishi the Acrobat (level 26, 191/191 HPs)
             Began as a Felid Shapeshifter on Feb 3, 2024.
             Was a High Priest of Wu Jian.
             Escaped with the Orb
             ... and 3 runes
             ... and 6 gems on Feb 4, 2024!
             The game lasted 06:57:01 (41200 turns).

Khashishi the Acrobat (Felid Shapeshifter)         Turns: 41200, Time: 06:57:01

Health: 191/191    AC: 32    Str: 16    XL:     26   Next: 28%
Magic:  32/32      EV: 44    Int: 20    God:    Wu Jian [*****.]
Gold:   3532       SH:  0    Dex: 22    Spells: 3/41 levels left
                                        Lives:  2   Deaths: 5

rFire   + .          .
                       - Unarmed
rCold   + . .        (shield unavailable)
rNeg    + + .        (body armour unavailable)
rPois   ∞            (helmet unavailable)
rElec   +            (cloak unavailable)
rCorr   .            (gloves unavailable)
SInv    +            (boots unavailable)
Will    +++..        e - amulet of regeneration
Stlth   ++           R - ring of Xifutev {rF+ rN+ Str+4 SInv}
HPRegen 1.31/turn    O - ring "Gilucecu" {rC+ Slay+3 SInv}
MPRegen 0.23/turn

%: no passive effects
@: statue-form, very slow
A: slow and powerful, torment resistance 1, boosted hp, very small, claws 1,
fangs 3, see invisible, (shaggy fur 3), stealthy paws, no weapons or thrown
items, no armour, multi-lived, antennae 1, (iridescent scales 2), low MP 1,
inability to read after injury 1
0: Orb of Zot
}: 3/15 runes: decaying, serpentine, silver
a: Begin Untransformation, Renounce Religion, Wall Jump, Serpent's Lash,
Heavenly Storm


You escaped.
You worshipped Wu Jian.
Wu Jian was extremely pleased with you.
You were a living statue of rough stone.
You visited 11 branches of the dungeon, and saw 49 of its levels.
You also visited: Sewer.

You collected 7219 gold pieces.
You spent 3687 gold pieces at shops.

Inventory:

Jewellery
 e - an amulet of regeneration (around neck)
 p - a +4 ring of protection
 O - the ring "Gilucecu" (right paw) {rC+ Slay+3 SInv}
   (You found it on level 2 of the Depths)

   [ring of see invisible]

   Slay+3:    It affects your accuracy & damage with ranged weapons and melee
   (+3).
   rC+:       It protects you from cold.
   SInv:      It lets you see invisible.
 P - the ring "Omorgh" {rElec rF+ Dex+2}
   (You acquired it on level 2 of the Lair of Beasts)

   [ring of protection from fire]

   Dex+2:     It affects your dexterity (+2).
   rF+:       It protects you from fire.
   rElec:     It insulates you from electricity.
 R - the ring of Xifutev (left paw) {rF+ rN+ Str+4 SInv}
   (You took it off a deep elf zephyrmancer on level 3 of the Elven Halls)

   [ring of protection from fire]

   Str+4:     It affects your strength (+4).
   rF+:       It protects you from fire.
   rN+:       It protects you from negative energy.
   SInv:      It lets you see invisible.
 S - a ring of willpower
 V - the ring "Ifis" {*Slow rN+ Str+6 Dex+3}
   (You found it on level 2 of the Depths)

   [ring of strength]

   Str+6:     It affects your strength (+6).
   Dex+3:     It affects your dexterity (+3).
   rN+:       It protects you from negative energy.
   *Slow:     It may slow you when you take damage.
 W - a ring of resist corrosion
 X - a ring of wizardry
Talismans
 K - the granite talisman "Uzysk" (active) {Str+2}
   (You found it on level 2 of the Depths)

   [granite talisman]

   Str+2:     It affects your strength (+2).
 N - a dragon-blood talisman
Wands
 d - a wand of charming (45)
 x - a wand of flame (61)
 z - a wand of polymorph (14)
 A - a wand of digging (17)
 F - a wand of iceblast (59)
 J - a wand of acid (15)
 Q - a wand of mindburst (40)
Scrolls
 f - 6 scrolls of immolation
 g - 3 scrolls of torment
 h - 6 scrolls of butterflies
 j - 23 scrolls of teleportation
 k - 10 scrolls of amnesia
 o - 10 scrolls of fog
 q - a scroll of revelation
 y - 5 scrolls of fear
 C - 5 scrolls of poison
 D - 6 scrolls of vulnerability
 E - 15 scrolls of blinking
 H - 2 scrolls of noise
 U - a scroll of silence
Potions
 a - 18 potions of lignification
 b - 5 potions of heal wounds
 c - a potion of haste
 l - 9 potions of attraction
 m - 2 potions of might
 n - 4 potions of ambrosia
 s - a potion of mutation
 t - 9 potions of brilliance
 v - 3 potions of cancellation
 w - 25 potions of curing
 B - 2 potions of magic
 M - 2 potions of enlightenment
 T - a potion of invisibility
 Y - a potion of berserk rage
Miscellaneous
 i - a phantom mirror (inert)
 r - a condenser vane
 G - a phial of floods
 I - a lightning rod (4/4)
 L - the horn of Geryon
 Z - a box of beasts


   Skills:
 + Level 17.9 Fighting
 + Level 26.2 Dodging
 - Level 14.0 Stealth
 + Level 22.1 Unarmed Combat
 - Level 8.0 Spellcasting
 - Level 17.0 Summonings
 - Level 17.0 Translocations
 - Level 5.0 Air Magic
 - Level 14.2 Evocations
 + Level 20.3 Shapeshifting


You had 3 spell levels left.
You knew the following spells:

 Your Spells              Type           Power      Damage    Failure   Level
a - Apportation           Tloc           100%       N/A       0%          1
b - Blink                 Tloc           100%       N/A       0%          2
c - Summon Cactus Giant   Summ           33%        N/A       1%          6
d - Monstrous Menagerie   Summ           33%        N/A       7%          7
e - Lesser Beckoning      Tloc           100%       N/A       0%          2
f - Summon Forest         Summ/Tloc      33%        N/A       1%          5
g - Malign Gateway        Summ/Tloc      33%        N/A       7%          7
s - Summon Lightning Spi  Summ/Air       51%        N/A       1%          4
v - Vhi's Electric Charg  Tloc/Air       100%       N/A       1%          4

Your spell library contained the following spells:

 Spells                   Type           Power      Damage    Failure   Level
 Summon Small Mammal      Summ           100%       N/A       0%          1
 Call Imp                 Summ           100%       N/A       0%          2
 Momentum Strike          Conj/Tloc      84%        3d10      1%          2
 Volatile Blastmotes      Fire/Tloc      84%        2d17      1%          3
 Shock                    Conj/Air       72%        1d7       3%          1
 Swiftness                Air            28%        N/A       3%          3
 Mercury Vapours          Alch/Air       36%        N/A       4%          2
 Static Discharge         Conj/Air       36%        3-5/arc   4%          2
 Foxfire                  Conj/Fire      32%        2x1d5     9%          1
 Freeze                   Ice            32%        1d5       9%          1
 Necrotise                Necr           32%        1d5       9%          1
 Sandblast                Erth           16%        2d6       9%          1
 Slow                     Hex            32%        N/A       9%          1
 Sting                    Conj/Alch      32%        1d5       9%          1
 Ensorcelled Hibernation  Hex/Ice        16%        N/A       13%         2
 Jinxbite                 Hex            16%        N/A       13%         2
 Mephitic Cloud           Conj/Alch/Air  14%        N/A       13%         3
 Confusing Touch          Hex            8%         N/A       26%         3
 Dazzling Flash           Conj/Hex       16%        N/A       26%         3
 Frozen Ramparts          Ice            16%        1d3       26%         3
 Fugue of the Fallen      Necr           8%         N/A       26%         3
 Hailstorm                Conj/Ice       8%         3d5       26%         3
 Inner Flame              Hex/Fire       8%         N/A       26%         3
 Ozocubu's Armour         Ice            8%         N/A       26%         3
 Passwall                 Erth           8%         N/A       26%         3
 Sigil of Binding         Hex            8%         N/A       26%         3
 Stone Arrow              Conj/Erth      16%        3d8       26%         3
 Tukima's Dance           Hex            8%         N/A       26%         3
 Vampiric Draining        Necr           8%         2d6       26%         3
 Manifold Assault         Tloc           66%        N/A       1%          4
 Passage of Golubria      Tloc           66%        N/A       1%          4
 Summon Mana Viper        Hex/Summ       42%        N/A       7%          5
 Summon Hydra             Summ           33%        N/A       7%          7
 Airstrike                Air            14%        2d(2-18)  11%         4
 Summon Horrible Things   Summ           33%        N/A       45%         8
 Anguish                  Hex/Necr       4%         N/A       63%         4
 Animate Dead             Necr           8%         N/A       63%         4
 Brom's Barrelling Bould  Conj/Erth      8%         2d3       63%         4
 Cause Fear               Hex            4%         N/A       63%         4
 Flame Wave               Conj/Fire      8%         2d5       63%         4
 Leda's Liquefaction      Alch/Erth      4%         N/A       63%         4
 Petrify                  Alch/Erth      8%         N/A       63%         4
 Arcjolt                  Conj/Air       9%         1d19      63%         5
 Freezing Cloud           Conj/Ice/Air   7%         6-21      77%         5
 Haunt                    Necr/Summ      21%        N/A       91%         7
 Spellforged Servitor     Conj/Summ      21%        N/A       91%         7
 Alistair's Intoxication  Alch           5%         N/A       93%         5
 Borgnjor's Vile Clutch   Necr/Erth      4%         N/A       93%         5
 Irradiate                Conj/Alch      4%         3d13      93%         5
 Iskenderun's Battlesphe  Conj           8%         2d6       93%         5
 Lee's Rapid Deconstruct  Erth           4%         3d5*      93%         5
 Metabolic Englaciation   Hex/Ice        4%         N/A       93%         5
 Yara's Violent Unravell  Hex/Alch       4%         3d4       93%         5
 Plasma Beam              Fire/Air       9%         2x1d19    99%         6
 Bombard                  Conj/Erth      4%         9d2       100%        6
 Death Channel            Necr           4%         N/A       100%        6
 Eringya's Noxious Bog    Alch           4%         4d6       100%        6
 Sculpt Simulacrum        Ice/Alch       4%         N/A       100%        6
 Starburst                Conj/Fire      4%         6d3       100%        6
 Enfeeble                 Hex            4%         N/A       100%        7
 Discord                  Hex            4%         N/A       100%        8
 Maxwell's Capacitive Co  Air            14%        ∞         100%        8
 Sublimation of Blood     Necr           Unusable   N/A       N/A         2
 Animate Armour           Summ/Erth      Unusable   N/A       N/A         4

Dungeon Overview and Level Annotations

Branches:
Dungeon (15/15)            Temple (1/1) D:4            Lair (5/5) D:10
  Swamp (4/4) Lair:2        Snake (4/4) Lair:2        Slime (0/5) Lair:5
    Orc (2/2) D:10            Elf (3/3) Orc:2        Vaults (5/5) D:13
  Crypt (0/3) Vaults:3     Depths (4/4) D:15           Hell (visited)
    Dis (0/7) Hell            Geh (0/7) Hell            Coc (0/7) Hell
    Tar (0/7) Hell            Zot (5/5) Depths:4      Sewer (visited)

Altars:
Ashenzari
Cheibriados
Dithmenos
Elyvilon
Fedhas
Gozag
Hepliaklqana
Kikubaaqudgha
Makhleb
Nemelex Xobeh
Okawaru
Qazlal
Ru
Sif Muna
Trog
Uskayaw
Vehumet
Wu Jian
Xom
Yredelemnul
Zin
The Shining One

Shops:
D:8 ?*(*   Orc:2 (*:[   Elf:1 =   Snake:1 =:   Snake:2 *:=:*   Snake:3 =
Vaults:3 =   Vaults:5 (   Depths:1 *

Portals:
Hell: Depths:1 Depths:2 Depths:3 Depths:4
Abyss: Depths:3
Pandemonium: Depths:2 Depths:3
Ziggurat: Depths:1


Innate Abilities, Weirdness & Mutations

You are a living statue of rough stone.
Your actions are slow, but your melee attacks are powerful.
You are resistant to unholy torment.
Your maximum health is greatly increased.
You are immune to poison.
You have sharp claws.
You have razor-sharp teeth.
You have supernaturally acute eyesight. (SInv)
((Your thick and shaggy fur keeps you warm. (AC +3, rC+)))
Your paws help you pounce on unaware monsters.
You are incapable of wielding weapons or throwing items.
You cannot wear armour.
You gain extra lives every three experience levels.
You have a pair of small antennae on your head.
((You are mostly covered in iridescent scales. (AC +4)))
Your magical capacity is low. (-10% MP)
You occasionally lose the ability to read scrolls when taking damage.


Message History

The Council accepts your kill.
There is a stone staircase leading up here.
You climb upwards.
Your summoned ally is left behind.
There is a stone staircase leading down here.
You see here a +0 leather armour.
You see here a +0 falchion.
An Executioner comes into view.
The Executioner moves out of view.
Space becomes stable.
There is a stone staircase leading up here.
You climb upwards.
There is a stone staircase leading down here.
You're already here!
Okay, then.
HP restored.
An Orb Guardian comes into view.
The Orb Guardian completely misses you.
You eviscerate the Orb Guardian!!! Your bite misses the Orb Guardian.
The Orb Guardian is heavily wounded.
The Orb Guardian completely misses you.
You eviscerate the Orb Guardian!!!
You kill the Orb Guardian!
The Council accepts your kill.
A hell beast comes into view.
The hell beast completely misses you. x2
The hell beast bites you but does no damage.
The hell beast completely misses you.
You mangle the hell beast!! You bite the hell beast.
The hell beast is moderately wounded.
The hell beast completely misses you. x2
You scratch the hell beast. Your bite misses the hell beast.
The hell beast is heavily wounded.
The hell beast completely misses you. x2
You eviscerate the hell beast!!!!
You kill the hell beast!
The Council accepts your kill.
You see here a +0 dagger.
Magic restored.
There is a staircase leading out of the dungeon here.
You have escaped!

...####..#.##...##
..## ##..#####..#
.## #...###...# .###
##...#...## #..###
##....#.# ..#..#
##'####### .##..##
##'####...##
####..###..###.....#
#......##....8..#
##...#...#.#...##
######.######## ###


There were no monsters in sight!

Vanquished Creatures
  A dread lich (Vaults:5)
  2 ancient liches
  4 orbs of fire
  Mara (Snake:3)
  Josephina (Zot:4)
  Vv (Depths:2)
  Vashnia (Snake:3)
  9 Killer Klowns (Zot:5)
  The ghost of AgonHex the Hoplite, a veteran HOFi of Qazlal (Vaults:2)
  A curse toe (Zot:5)
  4 caustic shrikes (Depths:4)
  Geryon (Hell)
  Nikola (Elf:3)
  8 golden dragons
  The ghost of Poanarph the Slayer, a veteran GrAl of Kikubaaqudgha (Depths:1)
  Norris (Elf:3)
  13 tentacled monstrosities
  3 electric golems
  A Brimstone Fiend (Depths:2)
  An Ice Fiend (D:4)
  Jorgrun (Orc:2)
  Mlioglotl (Swamp:4)
  2 liches
  3 titans
  28 Orb Guardians
  3 deep elf blademasters
  5 quicksilver dragons
  3 deep elf master archers
  5 sphinxes
  2 acid blobs (Zot:3)
  A walking frostbound tome (Depths:2)
  An eldritch tentacle (Zot:5)
  12 storm dragons
  Frances (Snake:1)
  2 thorn hunters
  6 death cobs
  5 tengu reavers
  An ancient champion (Depths:4)
  10 shadow dragons
  A fenstrider witch (Swamp:2)
  6 draconian monks
  3 draconian knights (Zot:5)
  A demonspawn warmonger (Zot:3)
  6 nagarajas
  2 protean progenitors (Zot:5)
  Aizul (Elf:1)
  A draconian shifter (Zot:3)
  12 deep elf sorcerers
  16 frost giants
  2 ghost moths (Zot:3)
  5 draconian scorchers
  16 vault wardens
  2 fire giants
  2 deep elf elementalists
  A balrug (Hell)
  An orc warlord (Orc:2)
  2 iron dragons
  A juggernaut zombie (Depths:3)
  An angel (Depths:3)
  2 draconian stormcallers
  The ghost of Potutehi the Blocker, a journeyman DDFi of Makhleb (Orc:1)
  13 ironbound preservers
  2 spriggan defenders (Depths:3)
  8 reapers (Hell)
  3 eleionomae (Swamp:2)
  3 draconian annihilators (Zot:3)
  29 very ugly things
  A formless jellyfish (Vaults:4)
  2 vampire knights (Depths:4)
  4 green draconians
  5 ironbound thunderhulks
  16 stone giants
  4 black draconians
  6 deep elf death magi
  11 deep elf annihilators
  9 white draconians
  7 deep elf demonologists
  6 purple draconians
  5 bunyips
  15 yellow draconians
  8 red draconians
  7 dire elephants
  4 war gargoyles
  3 spark wasps (Depths:3)
  A green death (Depths:2)
  Snorg (Lair:4)
  3 blizzard demons
  6 fire dragons
  8 deep elf high priests
  14 ettins
  A shambling mangrove (Swamp:4)
  25 yaktaur captains
  An entropy weaver (Vaults:4)
  Harold (Orc:1)
  7 ice dragons
  8 salamander tyrants
  5 great orbs of eyes
  3 hell beasts
  Erolcha (D:11)
  37 vault guards
  Fannar (D:11)
  A ghost crab (Swamp:3)
  A juggernaut simulacrum (Hell)
  An ogre mage (D:12)
  4 spriggan air magi
  21 hydras
  A sphinx zombie (Depths:3)
  A peacekeeper (Vaults:1)
  5 rakshasas
  6 anacondas
  12 alligators
  14 centaur warriors
  A catoblepas (D:13)
  A spriggan skeleton (Depths:3)
  A sphinx skeleton (D:15)
  6 boulder beetles
  2 death knights
  8 ironbound frosthearts
  13 two-headed ogres
  3 naga warriors
  24 dancing weapons
  The ghost of particleface the Skirmisher, a novice FoAl of Okawaru (D:8)
  9 deep troll earth magi
  9 deep troll shamans
  5 hell hogs (Hell)
  3 tengu warriors
  A vampire mage (D:15)
  5 hell knights (Depths:1)
  8 shock serpents
  9 spriggan berserkers
  12 sun demons
  5 soul eaters (Hell)
  Nergalle (Orc:1)
  3 orc high priests
  19 deep elf knights
  Sonja (Lair:5)
  Urug (D:11)
  16 naga sharpshooters
  A shadow wraith (Hell)
  5 skysharks
  A spectral spark wasp (Depths:4)
  2 sixfirhies
  A spriggan rider (Depths:3)
  A titan skeleton (Vaults:5)
  A salamander mystic (Snake:4)
  8 iron trolls
  5 skeletal warriors
  11 arcanists
  3 shadow demons
  15 swamp dragons
  4 mana vipers
  4 flayed ghosts
  11 goliath frogs
  4 cherubim (Depths:3)
  5 glowing orange brains
  3 spriggan druids
  2 sun moths (shapeshifter) (Vaults:5)
  49 deep trolls
  15 bog bodies
  A death drake (Swamp:2)
  A naga ritualist (Snake:4)
  4 phantasmal warriors (Vaults:5)
  22 ironbound convokers
  2 tengu zombies (Depths:3)
  A shadow dragon zombie (Vaults:5)
  11 orc knights
  24 deep elf archers
  6 harpies
  7 necromancers
  41 deep elf pyromancers
  A shadow dragon skeleton (Depths:3)
  33 deep elf zephyrmancers
  3 oklob plants (Zot:3)
  9 lindwurms
  A fire giant zombie (Vaults:4)
  5 orc sorcerers
  A will-o-the-wisp (Swamp:4)
  A manticore (D:12)
  A cyclops (D:11)
  A tengu skeleton (Vaults:4)
  Maurice (D:7)
  12 salamanders
  54 ugly things
  3 meliai (D:14)
  15 elephants
  21 black mambas
  Joseph (D:8)
  4 kobold blastminers
  A guardian serpent (Snake:2)
  A black mamba (shapeshifter) (D:12)
  7 rust devils (Hell)
  17 moths of wrath
  A titan simulacrum (Depths:3)
  22 vault sentinels
  A smoke demon (Zot:4)
  A gargoyle (D:13)
  7 naga magi
  21 cane toads
  Maggie (D:7)
  Jeremiah (D:8)
  An unseen horror (D:12)
  A human zombie (Vaults:4)
  An efreet (D:15)
  2 ice devils (Hell)
  A tormentor (D:15)
  7 freezing wraiths
  11 komodo dragons
  3 rime drakes
  17 yaktaurs
  3 human skeletons
  2 bloated husks (Swamp:3)
  A hellwing (Zot:4)
  13 trolls
  9 tyrant leeches
  A polar bear (Lair:3)
  3 nameless horrors
  9 hornets
  4 shadow dragon simulacra
  A glass eye (Depths:3)
  A spriggan zombie (D:15)
  22 blink frogs
  44 slime creatures
  A fire giant simulacrum (Depths:3)
  A frost giant simulacrum (Vaults:5)
  9 spriggans
  2 vampires
  2 ynoxinuls
  3 fire elementals
  A water elemental (Elf:1)
  A human (D:9)
  2 wraiths
  9 wyverns
  A wyvern (shapeshifter) (D:15)
  9 basilisks
  2 wargs
  A golden eye (shapeshifter) (D:12)
  17 vampire mosquitoes
  26 yaks
  A neqoxec (D:9)
  3 steam dragons
  A chaos spawn (Zot:3)
  3 redbacks (Vaults:4)
  An elf skeleton (Vaults:5)
  A white draconian simulacrum (Zot:4)
  A red draconian simulacrum (Zot:4)
  Edmund (D:5)
  7 swamp worms
  2 acid dragons
  A glowing shapeshifter zombie (Vaults:5)
  26 nagas
  19 water moccasins
  3 ice beasts
  2 moth of wrath simulacra (Zot:4)
  A glowing shapeshifter skeleton (Depths:3)
  32 orc warriors
  3 black bears (D:10)
  An ice beast (shapeshifter) (Elf:1)
  10 ogres
  13 swamp drakes
  A tengu (shapeshifter) (D:14)
  16 wolves
  11 centaurs
  9 kobold brigands
  18 bullfrogs
  4 gnoll sergeants
  3 earth elementals
  A wyvern zombie (D:12)
  5 scorpions
  4 wights (D:7)
  5 killer bees (D:9)
  3 electric eels
  A bombardier beetle (D:5)
  7 howler monkeys
  8 hounds
  27 jellies
  13 orc priests
  2 gnoll boudas
  A sleepcap (D:6)
  2 iguanas
  21 orc wizards
  13 hell rats (Hell)
  43 gnolls
  11 adders
  4 river rats (Sewer)
  A shadow imp (D:5)
  2 ufetubi (D:5)
  3 dart slugs
  3 ribbon worms
  72 orcs
  9 endoplasms
  2 giant cockroaches
  8 hobgoblins
  16 jackals
  8 quokkas
  9 ball pythons
  8 bats
  4 frilled lizards
  7 goblins
  A jackal zombie (D:9)
  22 kobolds
  6 rats
2070 creatures vanquished.

Vanquished Creatures (collateral kills)
  2 ancient liches
  the Lernaean hydra (Swamp:4)
  Parghit (Zot:1)
  A golden dragon (Zot:5)
  A Tzitzimitl (D:3)
  A hellephant (Zot:3)
  4 Orb Guardians
  A lich (Depths:3)
  An eldritch tentacle (Zot:5)
  A storm dragon (Zot:4)
  An iron dragon (Hell)
  2 balrugs
  2 cacodemons
  A caustic shrike zombie (Hell)
  An ironbound preserver (Vaults:1)
  A draconian stormcaller (Zot:4)
  2 reapers
  A demonspawn corrupter (Zot:3)
  3 very ugly things (Depths:3)
  A draconian annihilator (Zot:3)
  A black draconian (Zot:4)
  4 yellow draconians
  A purple draconian (Zot:1)
  2 white draconians
  A quicksilver dragon zombie (Hell)
  2 fire dragons
  An ettin (Vaults:5)
  An ogre mage (D:13)
  A death knight (Vaults:3)
  2 hell hogs (Hell)
  A spriggan berserker (Depths:3)
  A shock serpent (Snake:3)
  4 sun demons
  2 spriggans (Depths:3)
  4 hell knights
  An iron troll (Depths:2)
  A spark wasp zombie (Depths:3)
  2 sixfirhies (Depths:2)
  A tengu zombie (Depths:3)
  A moth of wrath (Zot:5)
  2 rust devils (Hell)
  A spark wasp simulacrum (Depths:3)
  A freezing wraith (Hell)
  A golden dragon simulacrum (Depths:3)
  An ice devil (Hell)
  A tengu simulacrum (Depths:3)
  2 hornets (Depths:3)
  A glowing shapeshifter zombie (Depths:3)
  A naga skeleton (Hell)
  3 jellies (Zot:3)
  5 hell rats (Hell)
  An ufetubus (Depths:2)
83 creatures vanquished.

Vanquished Creatures (others)
  A pandemonium lord (D:13)
  19 eldritch tentacles
  An anaconda (Snake:4)
  A dancing weapon (Elf:1)
  A naga sharpshooter (Snake:1)
  2 deep elf archers
  A deep elf zephyrmancer (Elf:3)
  A deep elf pyromancer (Elf:1)
  A guardian serpent (Snake:3)
  2 rust devils
  A water elemental (Elf:3)
  A naga (Snake:4)
  An orc priest (Vaults:5)
  An orc wizard (Orc:2)
  A quokka (D:10)
  4 ball lightnings (D:13)
  3 snaplasher vines
42 creatures vanquished.

Grand Total: 2195 creatures vanquished

Notes
Turn   | Place    | Note
-------+----------+-------------------------------------------
     0 | D:1      | Khashishi the Felid Shapeshifter began the quest for the
                  | Orb.
     0 | D:1      | Reached XP level 1. HP: 10/10 MP: 2/2
   157 | D:1      | Reached XP level 2. HP: 10/14 MP: 3/3
   185 | D:1      | Reached skill level 1 in Stealth
   242 | D:2      | Reached skill level 3 in Dodging
   394 | D:1      | Slain by a gnoll
   394 | D:1      | Lost a life (0 lives remaining)
   595 | D:2      | Reached XP level 3. HP: 16/18 MP: 4/4
   756 | D:3      | Found a faded altar of an unknown god.
  1033 | D:3      | Reached XP level 4. HP: 21/23 MP: 5/5
  1033 | D:3      | Gained a life (1 life remaining)
  1500 | D:4      | Found a blossoming altar of Fedhas.
  1503 | D:4      | Noticed a scorpion
  1536 | D:4      | Found a glowing golden altar of the Shining One.
  1583 | D:4      | Reached XP level 5. HP: 22/26 MP: 6/6
  1667 | D:4      | Found a burning altar of Makhleb.
  1684 | D:4      | Reached skill level 4 in Dodging
  1844 | D:3      | Found a bloodstained altar of Trog.
  2064 | D:5      | Entered Level 5 of the Dungeon
  2082 | D:4      | Found a staircase to the Ecumenical Temple.
  2092 | Temple   | Entered the Ecumenical Temple
  2105 | Temple   | Became a worshipper of the Wu Jian Council
  2211 | D:5      | Noticed an ogre
  2219 | D:5      | Killed an ogre
  2220 | D:5      | Gained mutation: You are covered in thick fur. (AC +2)
                  | [Felid growth]
  2220 | D:5      | Reached XP level 6. HP: 30/30 MP: 7/7
  2632 | D:6      | Reached skill level 5 in Dodging
  2650 | D:6      | Found a glowing drain.
  2660 | D:6      | Reached skill level 5 in Stealth
  2660 | D:6      | Reached XP level 7. HP: 35/35 MP: 8/8
  2660 | D:6      | Gained a life (2 lives remaining)
  2670 | D:6      | Reached * piety under Wu Jian
  2729 | Sewer    | Entered a sewer
  3186 | D:6      | Found an opulent altar of Gozag.
  3282 | D:6      | Reached skill level 5 in Unarmed Combat
  3294 | D:6      | Reached skill level 6 in Dodging
  3411 | D:4      | Reached ** piety under Wu Jian
  3522 | D:4      | Reached XP level 8. HP: 38/39 MP: 9/9
  3796 | D:4      | Reached *** piety under Wu Jian
  3821 | D:4      | Reached skill level 5 in Shapeshifting
  3908 | D:4      | Reached skill level 7 in Dodging
  4102 | D:5      | Reached skill level 1 in Evocations
  4105 | D:5      | Noticed Edmund
  4174 | D:5      | Killed Edmund
  4428 | D:7      | Found a shimmering blue altar of Sif Muna.
  4658 | D:7      | Found a glowing silver altar of Zin.
  4665 | D:7      | Noticed Maggie
  4680 | D:7      | Killed Maggie
  4681 | D:7      | Reached XP level 9. HP: 21/44 MP: 10/10
  4763 | D:7      | Found a hazy altar of Hepliaklqana.
  4804 | D:7      | Reached skill level 8 in Dodging
  4843 | D:7      | Noticed Maurice
  4852 | D:7      | Maurice stole a beast talisman
  4862 | D:7      | Killed Maurice
  4962 | D:8      | Noticed Joseph
  5042 | D:8      | Found a radiant altar of Vehumet.
  5189 | D:8      | Found Gijykaurch's Weapon Emporium.
  5396 | D:8      | Found Zezamofo's Assorted Antiques.
  5420 | D:8      | Bought a bubbling coppery potion for 27 gold pieces
  5420 | D:8      | Bought a scroll labelled ACOQUZ HUCOEKI for 30 gold pieces
  5420 | D:8      | Bought a scroll labelled ZUT VEJEFUMM for 30 gold pieces
  5476 | D:8      | Found Voheuleu's General Store.
  5484 | D:8      | Found Mylacw's Magic Scroll Emporium.
  5493 | D:8      | Bought a scroll of teleportation for 42 gold pieces
  5493 | D:8      | Bought 2 scrolls of blinking for 210 gold pieces
  5671 | D:8      | Found a runed translucent door.
  5685 | D:8      | Noticed particleface's ghost (novice FoAl)
  5707 | D:8      | Noticed Jeremiah
  5710 | D:8      | Killed Jeremiah
  5711 | D:8      | Reached XP level 10. HP: 51/51 MP: 11/11
  5798 | D:8      | Noticed a two-headed ogre
  5807 | D:8      | Killed a two-headed ogre
  5808 | D:8      | Reached skill level 9 in Dodging
  5918 | D:9      | Reached skill level 5 in Fighting
  6078 | D:8      | Killed Joseph
  6081 | D:8      | Found a snail-covered altar of Cheibriados.
  6271 | D:9      | Found a runed translucent door.
  6276 | D:9      | Found a basalt altar of Yredelemnul.
  6451 | D:10     | Entered Level 10 of the Dungeon
  6472 | D:10     | Found an ancient bone altar of Kikubaaqudgha.
  6527 | D:10     | Reached skill level 10 in Stealth
  6527 | D:10     | Reached skill level 5 in Evocations
  6528 | D:10     | Noticed a two-headed ogre
  6548 | D:9      | Noticed a two-headed ogre
  6553 | D:9      | Killed a two-headed ogre
  6573 | D:9      | Reached **** piety under Wu Jian
  6606 | D:9      | Noticed a two-headed ogre
  6619 | D:9      | Killed a two-headed ogre
  6620 | D:9      | Reached skill level 10 in Dodging
  6906 | D:10     | Found a staircase to the Lair.
  6919 | D:10     | Reached XP level 11. HP: 56/56 MP: 12/12
  6934 | Lair:1   | Entered Level 1 of the Lair of Beasts
  7145 | Lair:1   | Reached skill level 11 in Dodging
  7617 | Lair:2   | Reached skill level 10 in Unarmed Combat
  7653 | Lair:2   | Reached ***** piety under Wu Jian
  7680 | Lair:2   | Gained mutation: Your thick and shaggy fur keeps you warm.
                  | (AC +3, rC+) [Felid growth]
  7680 | Lair:2   | Reached XP level 12. HP: 51/63 MP: 13/13
  8100 | Lair:2   | Found a staircase to the Snake Pit.
  8265 | Lair:3   | Reached skill level 10 in Shapeshifting
  8472 | Lair:3   | Noticed a boulder beetle
  8480 | Lair:3   | Killed a boulder beetle
  8809 | Lair:4   | Reached skill level 12 in Dodging
  8886 | Lair:4   | Noticed a boulder beetle
  8908 | Lair:4   | Reached XP level 13. HP: 65/67 MP: 14/14
  9096 | Lair:4   | Noticed Snorg
  9108 | Lair:4   | Killed Snorg
  9177 | Lair:5   | Entered Level 5 of the Lair of Beasts
  9192 | Lair:5   | Found a staircase to the Slime Pits.
  9290 | Lair:5   | Reached skill level 13 in Dodging
  9415 | Lair:5   | Splashed by a goliath frog's acid
  9415 | Lair:5   | Lost a life (1 life remaining)
  9523 | Lair:5   | Noticed Sonja
  9558 | Lair:5   | Killed Sonja
  9632 | Lair:5   | Reached skill level 14 in Dodging
  9655 | Lair:5   | Got an earthy gem with 1109 turns to spare
 10817 | Lair:2   | Found a staircase to the Swamp.
 11610 | D:13     | Reached XP level 14. HP: 58/72 MP: 15/15
 11610 | D:13     | Gained a life (2 lives remaining)
 11733 | D:14     | Found a radiant altar of Vehumet.
 11929 | D:13     | Found a gate to the Vaults.
 12081 | D:14     | Paralysed by a hornet for 3 turns
 12083 | D:14     | HP: 4/87 [centaur warrior (4)]
 12083 | D:14     | Slain by a centaur warrior
 12083 | D:14     | Lost a life (1 life remaining)
 12766 | D:11     | Noticed Urug
 12840 | D:10     | Found a white marble altar of Elyvilon.
 13029 | D:10     | Found an iron altar of Okawaru.
 13081 | D:11     | Killed Urug
 13201 | D:10     | Found a staircase to the Orcish Mines.
 13225 | Orc:1    | Entered Level 1 of the Orcish Mines
 13247 | Orc:1    | Noticed Potutehi's ghost (journeyman DDFi)
 13247 | Orc:1    | Identified the +2 great mace of the Wraith {freeze, Str+4
                  | Dex+2}
 13248 | Orc:1    | Found a transporter.
 13251 | Orc:1    | Noticed Harold
 13261 | Orc:1    | Killed Harold
 13271 | Orc:1    | Found a transporter.
 13289 | Orc:1    | Killed Potutehi's ghost
 13314 | Orc:2    | Entered Level 2 of the Orcish Mines
 13343 | Orc:2    | Noticed an orc warlord
 13356 | Orc:2    | Found Niganup's General Store.
 13360 | Orc:2    | Killed an orc warlord
 13362 | Orc:2    | Noticed Jorgrun
 13368 | Orc:2    | Reached XP level 15. HP: 35/80 MP: 16/16
 13368 | Orc:2    | Gained a life (2 lives remaining)
 13377 | Orc:2    | Killed Jorgrun
 13389 | Orc:2    | Found Ikkikhlu's Antique Weapon Emporium.
 13395 | Orc:2    | Found Veplumot's Book Emporium.
 13403 | Orc:2    | Reached skill level 10 in Fighting
 13819 | Orc:2    | Found a staircase to the Elven Halls.
 13920 | Orc:2    | Found Cuatesenesh's Antique Armour Emporium.
 14035 | Orc:1    | Noticed Nergalle
 14044 | Orc:1    | Killed Nergalle
 14253 | Orc:2    | Bought a phantom mirror for 520 gold pieces
 14253 | Orc:2    | Bought a lightning rod (4/4) for 520 gold pieces
 14253 | Orc:2    | Bought a wand of mindburst (5) for 91 gold pieces
 14575 | Orc:1    | Identified the staff "Waw Utuo" {rC+ Str+3 Summ Ice}
 14811 | D:8      | Killed particleface's ghost
 15053 | D:10     | Found a shimmering altar of Xom.
 15346 | D:11     | Noticed Erolcha
 15352 | D:11     | Killed Erolcha
 15545 | D:11     | Noticed Fannar
 15553 | D:11     | Killed Fannar
 15896 | D:12     | Reached skill level 15 in Dodging
 16612 | D:14     | Reached ****** piety under Wu Jian
 17078 | D:15     | Entered Level 15 of the Dungeon
 17138 | D:15     | Found a faded altar of an unknown god.
 17139 | D:15     | Found a hazy altar of Hepliaklqana.
 17140 | D:15     | Found a faded altar of an unknown god.
 17260 | D:15     | Identified the +10 trident of the Arena {antimagic, rC+
                  | rN++ Str+2}
 17262 | D:15     | Found a staircase to the Depths.
 17300 | Depths:1 | Entered Level 1 of the Depths
 17300 | Depths:1 | Found Big Baal Hell's Store.
 17322 | Depths:1 | Reached XP level 16. HP: 30/85 MP: 17/17
 17327 | Depths:1 | Reached skill level 16 in Dodging
 17333 | Depths:1 | Reached skill level 15 in Unarmed Combat
 17335 | Depths:1 | Reached skill level 10 in Evocations
 17342 | Depths:1 | Found a gateway to Hell.
 17372 | Depths:1 | HP: 4/102 [spriggan rider/+0 spear (15)]
 17373 | Depths:1 | Mangled by a spriggan rider
 17373 | Depths:1 | Lost a life (1 life remaining)
 17518 | Depths:1 | Mangled by a stone giant
 17518 | Depths:1 | Lost a life (0 lives remaining)
 18062 | D:15     | Got the Book of Heated Alteration
 18279 | D:8      | Bought a potion of heal wounds for 65 gold pieces
 18279 | D:8      | Bought a dragon-blood talisman for 780 gold pieces
 18491 | Snake:1  | Entered Level 1 of the Snake Pit
 18674 | Snake:1  | Found Qyetamen's Jewellery Shoppe.
 18675 | Snake:1  | Noticed Frances
 18689 | Snake:1  | Found Ezionte's Book Emporium.
 18699 | Snake:1  | Killed Frances
 18757 | Snake:1  | Reached skill level 15 in Shapeshifting
 18866 | Snake:4  | Entered Level 4 of the Snake Pit
 19211 | Snake:4  | Noticed a quicksilver dragon
 19214 | Snake:4  | Killed a quicksilver dragon
 19233 | Snake:4  | Got a jade gem with 1485 turns to spare
 19347 | Snake:4  | Got a serpentine rune of Zot
 19499 | Snake:4  | Reached XP level 17. HP: 89/89 MP: 18/18
 19499 | Snake:4  | Gained a life (1 life remaining)
 19817 | Snake:3  | Found Cyiddif's Jewellery Emporium.
 19818 | Snake:3  | Noticed Mara
 19820 | Snake:3  | Noticed Khashishi's illusion
 19828 | Snake:3  | Killed Mara
 19884 | Snake:3  | Noticed Vashnia
 19914 | Snake:3  | Killed Vashnia
 19978 | Snake:3  | Found a sacrificial altar of Ru.
 20311 | Snake:2  | Found Yxzuxtel's Jewellery Emporium.
 20312 | Snake:2  | Found Xesk's Book Boutique.
 20312 | Snake:2  | Found Kuseb's Book Boutique.
 20686 | Snake:2  | Found Fovokat's General Store.
 20811 | Snake:2  | Found Dehah's General Store.
 21316 | Swamp:1  | Entered Level 1 of the Swamp
 21540 | Swamp:2  | Reached skill level 17 in Dodging
 21704 | Swamp:4  | Entered Level 4 of the Swamp
 21709 | Swamp:4  | Noticed Mlioglotl
 21715 | Swamp:4  | Killed Mlioglotl
 21725 | Swamp:4  | Reached XP level 18. HP: 95/95 MP: 19/19
 21771 | Swamp:4  | Noticed the 27-headed Lernaean hydra
 21774 | Swamp:4  | Killed the 27-headed Lernaean hydra
 21874 | Swamp:4  | Got a mossy gem with 1263 turns to spare
 21876 | Swamp:4  | Got a decaying rune of Zot
 21900 | Swamp:4  | Identified the +7 morningstar "Aqeurucy" {flame, +Blink
                  | rPois}
 22046 | Swamp:4  | Identified a scroll of acquirement
 22867 | Swamp:2  | Noticed a tentacled monstrosity
 22889 | Swamp:2  | Killed a tentacled monstrosity
 22912 | Swamp:2  | Reached skill level 18 in Dodging
 23045 | Swamp:2  | Identified the staff of Foul Odours {Str+3 Int-3 Fire
                  | Earth}
 23572 | Lair:2   | Acquired the ring "Omorgh" {rElec rF+ Dex+2}
 23725 | Elf:1    | Entered Level 1 of the Elven Halls
 23823 | Elf:1    | Found Tulathun's Jewellery Shoppe.
 23886 | Elf:1    | Found a huge runed translucent gate.
 23887 | Elf:1    | Found a huge runed translucent gate.
 23888 | Elf:1    | Found a huge runed translucent gate.
 23888 | Elf:1    | Found a huge runed translucent gate.
 23889 | Elf:1    | Found a huge runed translucent gate.
 23890 | Elf:1    | Found a huge runed translucent gate.
 23890 | Elf:1    | Found a huge runed translucent gate.
 23890 | Elf:1    | Found a huge runed translucent gate.
 23890 | Elf:1    | Found a huge runed translucent gate.
 23891 | Elf:1    | Found a huge runed translucent gate.
 23891 | Elf:1    | Found a huge runed translucent gate.
 23891 | Elf:1    | Found a huge runed translucent gate.
 23891 | Elf:1    | Found a huge runed translucent gate.
 23891 | Elf:1    | Found a huge runed translucent gate.
 23891 | Elf:1    | Found a huge runed translucent gate.
 23891 | Elf:1    | Found a huge runed translucent gate.
 23891 | Elf:1    | Found a huge runed translucent gate.
 23892 | Elf:1    | Found a huge runed translucent gate.
 23892 | Elf:1    | Found a huge runed translucent gate.
 23892 | Elf:1    | Found a huge runed translucent gate.
 24177 | Elf:2    | Found a runed translucent gate.
 24177 | Elf:2    | Found a runed translucent gate.
 24177 | Elf:2    | Found a runed translucent gate.
 24310 | Elf:3    | Entered Level 3 of the Elven Halls
 24363 | Elf:3    | Reached XP level 19. HP: 102/102 MP: 20/20
 24363 | Elf:3    | Gained a life (2 lives remaining)
 24529 | Elf:3    | Noticed Nikola
 24633 | Elf:3    | Killed Nikola
 24801 | Elf:3    | Identified the ring of Xifutev {rF+ rN+ Str+4 SInv}
 24807 | Elf:3    | Reached skill level 19 in Dodging
 24825 | Elf:3    | Noticed a Brimstone Fiend
 24827 | Elf:3    | Noticed a Brimstone Fiend
 24875 | Elf:3    | Got a shimmering gem with 488 turns to spare
 24976 | Elf:3    | Identified the staff of Action {rC- rN+ Str+4 Summ Necro
                  | Alchemy}
 25004 | Elf:3    | Identified the +1 ring mail of the Oni {Slay+5}
 25009 | Elf:3    | Identified the +0 rapier of Integrity {vamp, rN++ Will+}
 25013 | Elf:3    | Got Zycac's Vellum of Geometry and Bad Luck
 25048 | Elf:3    | Identified the +1 robe "Xobloucamy" {Rampage Int+4 Slay-2
                  | Archmagi}
 25159 | Elf:3    | Noticed Norris
 25168 | Elf:3    | Killed Norris
 25318 | Elf:3    | Got Doac's Precepts of Passive Income
 26091 | Elf:1    | Identified the serpent talisman of the Kappa {Will+ Dex+4}
 26091 | Elf:1    | Noticed Aizul
 26109 | Elf:1    | Killed Aizul
 26160 | Elf:1    | Reached XP level 20. HP: 91/109 MP: 21/21
 26761 | D:13     | Acquired a manual of Summonings
 26764 | Vaults:1 | Entered Level 1 of the Vaults
 26807 | Vaults:1 | Reached skill level 1 in Summonings
 26885 | Vaults:1 | Reached skill level 20 in Dodging
 27014 | Vaults:2 | Reached skill level 5 in Summonings
 27545 | Vaults:2 | Reached skill level 1 in Spellcasting
 27582 | Vaults:2 | Learned a level 4 spell: Summon Lightning Spire
 27637 | Vaults:3 | Identified the scarf of Free Expression {repulsion, Str+3
                  | Int+2}
 27863 | Vaults:4 | Learned a level 6 spell: Summon Cactus Giant
 27869 | Vaults:4 | Learned a level 5 spell: Summon Forest
 27958 | Vaults:5 | Entered Level 5 of the Vaults
 27969 | Vaults:5 | Noticed a dread lich
 27972 | Vaults:5 | Noticed a golden dragon
 27978 | Vaults:5 | Reached skill level 10 in Summonings
 27978 | Vaults:5 | Killed a dread lich
 27979 | Vaults:5 | Reached XP level 21. HP: 114/114 MP: 25/27
 27991 | Vaults:5 | Killed a golden dragon
 27995 | Vaults:5 | Reached skill level 21 in Dodging
 28019 | Vaults:5 | Noticed a golden dragon
 28021 | Vaults:5 | Killed a golden dragon
 28074 | Vaults:5 | Identified the +9 war axe "Plog" {freeze, rN+ Will+ MP-9
                  | Stlth+}
 28094 | Vaults:5 | Reached skill level 1 in Translocations
 28109 | Vaults:5 | Noticed a golden dragon
 28114 | Vaults:5 | Killed a golden dragon
 28126 | Vaults:5 | Reached skill level 1 in Air Magic
 28310 | Vaults:5 | Learned a level 4 spell: Vhi's Electric Charge
 28318 | Vaults:5 | Learned a level 7 spell: Monstrous Menagerie
 28470 | Vaults:5 | Found the +3 hat of Pondering {ponderous, Will+ MP+10
                  | Int+5}
 28474 | Vaults:5 | Got a shining gem with 1326 turns to spare
 28477 | Vaults:5 | Got a silver rune of Zot
 28527 | Vaults:5 | Identified the +2 short sword "Vunnaefi" {elec, ^Drain Fly
                  | Stlth+}
 28708 | Vaults:5 | Found Xuwoytuy's Weapon Emporium.
 28741 | Vaults:5 | Identified the +1 scimitar "Hifa" {freeze, ^Fragile rPois
                  | Will+}
 28801 | Vaults:5 | Noticed an ancient lich
 28809 | Vaults:5 | Killed an ancient lich
 29048 | Vaults:5 | Reached skill level 5 in Spellcasting
 29117 | Vaults:5 | Identified the +7 morningstar of the Unliving {chaos, rF+
                  | Dex+2}
 29261 | Vaults:4 | Reached XP level 22. HP: 119/119 MP: 30/30
 29306 | Vaults:4 | Reached skill level 5 in Translocations
 29313 | Vaults:4 | Reached skill level 22 in Dodging
 29357 | Vaults:4 | Learned a level 4 spell: Passage of Golubria
 30322 | Vaults:3 | Found Sopseqeg's Jewellery Emporium.
 30325 | Vaults:3 | Learned a level 1 spell: Apportation
 30609 | Vaults:3 | Found a staircase to the Crypt.
 31134 | Vaults:2 | Found a large runed translucent door.
 31134 | Vaults:2 | Noticed AgonHex's ghost (veteran HOFi)
 31135 | Vaults:2 | Found a large runed translucent door.
 31135 | Vaults:2 | Found a large runed translucent door.
 31136 | Vaults:2 | Found a large runed translucent door.
 31136 | Vaults:2 | Found a large runed translucent door.
 31136 | Vaults:2 | Found a large runed translucent door.
 31136 | Vaults:2 | Found a large runed translucent door.
 31136 | Vaults:2 | Found a large runed translucent door.
 31268 | Vaults:2 | Killed AgonHex's ghost
 32277 | Vaults:1 | Reached skill level 5 in Air Magic
 32727 | Snake:2  | Bought a Grand Grimoire for 612 gold pieces
 32796 | Snake:2  | Bought a box of beasts for 760 gold pieces
 33109 | Depths:1 | Found a one-way gateway to a ziggurat.
 33327 | Depths:2 | Noticed Vv
 33336 | Depths:2 | Killed Vv
 33426 | Depths:4 | Entered Level 4 of the Depths
 33426 | Depths:4 | Noticed a caustic shrike
 33426 | Depths:4 | Noticed a caustic shrike
 33426 | Depths:4 | Noticed a caustic shrike
 33428 | Depths:4 | Noticed a caustic shrike
 33429 | Depths:4 | Killed a caustic shrike
 33429 | Depths:4 | Killed a caustic shrike
 33430 | Depths:4 | Killed a caustic shrike
 33431 | Depths:4 | Reached XP level 23. HP: 124/124 MP: 33/33
 33433 | Depths:4 | Killed a caustic shrike
 33449 | Depths:4 | Reached skill level 23 in Dodging
 33619 | Depths:4 | Reached skill level 10 in Translocations
 33793 | Depths:4 | Reached skill level 15 in Summonings
 33814 | Depths:4 | Found a gate to the Realm of Zot.
 33818 | Depths:4 | Got a midnight gem with 1612 turns to spare
 33820 | Zot:1    | Entered Level 1 of the Realm of Zot
 33835 | Zot:1    | Noticed an orb of fire
 33837 | Zot:1    | Gained mutation: You are frail. (-10% HP) [an orb of fire]
 33841 | Zot:1    | Gained mutation: Your body sometimes deteriorates upon
                  | taking damage. [an orb of fire]
 33842 | Zot:1    | Killed an orb of fire
 33931 | Zot:2    | Reached skill level 15 in Fighting
 34009 | Depths:4 | Learned a level 7 spell: Malign Gateway
 34433 | Depths:3 | Found a one-way gate to the infinite horrors of the Abyss.
 34598 | Depths:3 | Found a one-way gate leading to the halls of Pandemonium.
 35094 | Depths:3 | Reached XP level 24. HP: 118/118 MP: 32/33
 35100 | Depths:3 | Noticed an ancient lich
 35111 | Depths:3 | Killed an ancient lich
 35112 | Depths:3 | Reached skill level 24 in Dodging
 35170 | Depths:3 | Found a white marble altar of Elyvilon.
 35415 | Depths:2 | Found a transporter.
 35606 | Depths:2 | Found a transporter.
 35683 | Depths:2 | Identified the granite talisman "Uzysk" {Str+2}
 35766 | Depths:2 | Identified the ring "Gilucecu" {rC+ Slay+3 SInv}
 35778 | Depths:2 | Identified the ring "Ifis" {*Slow rN+ Str+6 Dex+3}
 35985 | Depths:1 | Found a runed translucent door.
 35985 | Depths:1 | Noticed Poanarph's ghost (veteran GrAl)
 35989 | Depths:1 | Killed Poanarph's ghost
 36577 | Hell     | Entered the Vestibule of Hell
 36577 | Hell     | Noticed Geryon
 36592 | Hell     | Killed Geryon
 36697 | Depths:1 | Lost mutation: Your body sometimes deteriorates upon taking
                  | damage. [potion of mutation]
 36697 | Depths:1 | Lost mutation: You are frail. (-10% HP) [potion of
                  | mutation]
 36697 | Depths:1 | Gained mutation: You are weak. (Str -2) [potion of
                  | mutation]
 36697 | Depths:1 | Gained mutation: Your magical capacity is low. (-10% MP)
                  | [potion of mutation]
 36697 | Depths:1 | Gained mutation: Your mind is acute. (Int +4, Str/Dex -1)
                  | [potion of mutation]
 36698 | Depths:1 | Lost mutation: Your mind is acute. (Int +4, Str/Dex -1)
                  | [potion of mutation]
 36698 | Depths:1 | Lost mutation: Your magical capacity is low. (-10% MP)
                  | [potion of mutation]
 36698 | Depths:1 | Gained mutation: You occasionally shout uncontrollably at
                  | your foes. [potion of mutation]
 36698 | Depths:1 | Gained mutation: You are partially covered in iridescent
                  | scales. (AC +2) [potion of mutation]
 36795 | Hell     | Found a gateway to the ashen valley of Gehenna.
 36868 | Hell     | Found a gateway to the Iron City of Dis.
 36922 | Hell     | Found a gateway to the freezing wastes of Cocytus.
 37065 | Hell     | Found a gateway to the decaying netherworld of Tartarus.
 37505 | Zot:1    | Identified the +10 whip of Vixillot {flame, rC+ rCorr}
 37607 | Zot:1    | Noticed Parghit
 37616 | Zot:1    | Killed Parghit
 38257 | Zot:2    | Learned a level 2 spell: Blink
 38918 | Zot:4    | Identified the staff of Non Obstante Veredicto {rC+ rN+
                  | Ice}
 38918 | Zot:4    | Identified the ring "Ywkemyi" {Ice Str+3 Dex+3}
 38918 | Zot:4    | Noticed Josephina
 38924 | Zot:4    | Reached XP level 25. HP: 139/139 MP: 28/34
 38925 | Zot:4    | Killed Josephina
 38956 | Zot:4    | Reached skill level 15 in Translocations
 39097 | Zot:3    | Learned a level 2 spell: Lesser Beckoning
 39410 | Zot:3    | Reached skill level 25 in Dodging
 39848 | Zot:5    | Entered Level 5 of the Realm of Zot
 40271 | Zot:5    | Noticed a Killer Klown
 40271 | Zot:5    | Noticed a Killer Klown
 40274 | Zot:5    | Killed a Killer Klown
 40276 | Zot:5    | Killed a Killer Klown
 40278 | Zot:5    | Noticed an orb of fire
 40279 | Zot:5    | Noticed a Killer Klown
 40280 | Zot:5    | Noticed a Killer Klown
 40281 | Zot:5    | Killed an orb of fire
 40284 | Zot:5    | Killed a Killer Klown
 40289 | Zot:5    | Killed a Killer Klown
 40289 | Zot:5    | Noticed an ancient lich
 40290 | Zot:5    | Noticed a Killer Klown
 40290 | Zot:5    | Noticed a Killer Klown
 40293 | Zot:5    | Killed an ancient lich
 40308 | Zot:5    | Killed a Killer Klown
 40308 | Zot:5    | Killed a Killer Klown
 40327 | Zot:5    | Noticed an orb of fire
 40327 | Zot:5    | Noticed an orb of fire
 40329 | Zot:5    | Noticed a Killer Klown
 40329 | Zot:5    | Gained mutation: You passively dampen the noise of your
                  | surroundings. [an orb of fire]
 40330 | Zot:5    | Killed an orb of fire
 40330 | Zot:5    | Gained mutation: You occasionally lose the ability to read
                  | scrolls when taking damage. [an orb of fire]
 40334 | Zot:5    | Noticed a Killer Klown
 40337 | Zot:5    | Killed a Killer Klown
 40338 | Zot:5    | Noticed a Killer Klown
 40338 | Zot:5    | Killed an orb of fire
 40343 | Zot:5    | Killed a Killer Klown
 40352 | Zot:5    | Killed a Killer Klown
 40352 | Zot:5    | Reached XP level 26. HP: 121/146 MP: 28/36
 40473 | Zot:5    | Lost mutation: You are weak. (Str -2) [potion of mutation]
 40473 | Zot:5    | Lost mutation: You passively dampen the noise of your
                  | surroundings. [potion of mutation]
 40473 | Zot:5    | Lost mutation: You occasionally shout uncontrollably at
                  | your foes. [potion of mutation]
 40473 | Zot:5    | Gained mutation: You are mostly covered in iridescent
                  | scales. (AC +4) [potion of mutation]
 40473 | Zot:5    | Gained mutation: You have a pair of small antennae on your
                  | head. [potion of mutation]
 40494 | Zot:5    | Noticed an ancient lich
 40506 | Zot:5    | Killed an ancient lich
 40595 | Zot:5    | Got the Orb of Zot
 40674 | Zot:3    | Reached skill level 26 in Dodging
 40785 | Depths:2 | Noticed Alirich the pandemonium lord
 40882 | D:13     | Noticed Quekiley the pandemonium lord
 40889 | D:13     | Killed Quekiley the pandemonium lord
 40931 | D:10     | Gained mutation: Your magical capacity is low. (-10% MP) [a
                  | cacodemon]
 41200 | D:$      | Escaped with the Orb!

Illustrated notes

Levels and vault maps discovered:
D:1:      dpeg_cavernosity, layout_rooms, nicolae_houndstooth_variations
D:2:      layout_loops_ring
D:3:      layout_loops_ring, nicolae_overflow_crystal_walls,
          shapermc_ecumenical_altar_notcrosses
D:4:      lemuel_castle_with_subvaults [lemuel_castle_interior_carwin_1],
          layout_basic, mainiacjoe_overflow_six_doors_small,
          mainiacjoe_overflow_cross_hatched, fedhas_altar_1,
          minmay_temple_entry_statues_fountains, hangedman_decor_peaks_small,
          minmay_between
D:5:      layout_gridville, kennysheep_generic_room_8, uniq_edmund
D:6:      layout_gridville, nicolae_gozag_seed_capital, portal_sewer_entry_b
D:7:      layout_rooms, zin_statuary, nicolae_overflow_hidden_temple,
          lemuel_coloured_pillars_altar, water_maze_lemuel, uniq_maggie,
          uniq_maurice
D:8:      layout_basic, kennysheep_slug_shrine, kennysheep_little_box,
          hellmonk_ghost_big_iron, serial_shops, shop, shop,
          nicolae_shop_just_a_little_nook, nicolae_diamond_shop,
          nrook_pool_corridor, uniq_joseph, uniq_jeremiah
D:9:      kennysheep_steamy, layout_irregular_city, dk_yredelemnul_ordeal
D:10:     layout_cave_pods, kennysheep_mini_moat, general_overflow_altar,
          lemuel_crystal_altar, elyvilon_altar_4, due_lair_maze_entry_diamond,
          kennysheep_orc_monster_closet_entryway
D:11:     layout_gridville, minivault_27, uniq_fannar, uniq_erolcha, uniq_urug
D:12:     regret_index_malice_mire, layout_basic
D:13:     layout_cave_pools, grunt_vaults_entry_fortified
D:14:     layout_cave_pools, fiery_altar_vehumet
D:15:     gammafunk_depths_entry_grave, layout_loops_corners,
          nicolae_hepliaklqana_ecumenical_no_more
Temple:   nicolae_temple_ecumenical_triangle
Lair:1:   layout_misc_corridors, grunt_megastairs_4, serial_bayou_shore_a
Lair:2:   layout_layer_cave, swamp_mist, alex1729_snake_entry_snake
Lair:3:   layout_long_grid, nzn_sisyphean_effort
Lair:4:   layout_roguey, uniq_snorg
Lair:5:   minmay_lair_end_frog_pond, layout_gridlike,
          nicolae_slime_entry_field_trip, uniq_sonja
Swamp:1:  layout_falls_marsh, nicolae_swamp_reclaimed_castle
Swamp:2:  nzn_winding_woodlands_three_and_one
          [nzn_winding_woodlands_5x15_longhouse,
          nzn_winding_woodlands_5x15_jagged,
          nzn_winding_woodlands_5x15_concentric,
          nzn_winding_woodlands_center_triple_pond], layout_falls_marsh,
          evilmike_swamp_ruin_rubble_2
Swamp:3:  layout_falls_marsh, evilmike_swamp_ruin_house_6
Swamp:4:  grunt_swamp_rune_castle, layout_basic_swamp, swamp_pool_5,
          uniq_mlioglotl
Snake:1:  layout_rooms, drop_trap, grunt_megastairs_3, minmay_shoptagon,
          uniq_frances
Snake:2:  layout_concentric_octagons, serial_shops, bzr_entry_gold, shop,
          nicolae_shop_back_alley_shop, minmay_shop_grove, serial_bayou_shore_b
Snake:3:  layout_cave_pods, basic_altar, minmay_shop_star, uniq_vashnia,
          uniq_mara
Snake:4:  hellmonk_snake_rune_quicksilver_temple, layout_cave_town
Orc:1:    layout_caves, gammafunk_ghost_smash, uniq_nergalle, uniq_harold
Orc:2:    grunt_orc_cross, layout_caves, uniq_jorgrun
Elf:1:    minmay_elf_arrival_summoners, layout_loops_ring, serial_shops,
          nicolae_shop_behind_doors, hangedman_elf_represent, uniq_aizul
Elf:2:    elven_hall_of_blades_hangedman_original [mumra_blade_entry_dagger],
          layout_loops_corners, lemuel_flamethrower_3
Elf:3:    minmay_elf_hall_furrowed, layout_geoelf_octagon, st_stairs_5,
          hellmonk_elf_help, uniq_nikola, uniq_norris
Vaults:1: hangedman_vaults_stream, nicolae_vaults_little_squares_1,
          vaults_room_large_hall, vaults_dpeg_emergency_exit,
          nicolae_vaults_apartment_2, nicolae_vaults_sesquioval_fish,
          vaults_standard_mumra_lines, nicolae_vaults_ninety_degrees,
          vaults_mumra_hexcomb, nicolae_vaults_windows_and_doors_thing,
          nicolae_vaults_little_squares_4, grunt_vaults_hallway_short,
          layout_vaults_ring
Vaults:2: advil_vaults_ghost_lines, v_rooms_1, nicolae_vaults_whirlpool_walls,
          nicolae_vaults_network_s, nicolae_vaults_stepped_doors,
          dpeg_vaults_monster_box, nicolae_vaults_wine_cellar,
          layout_vaults_chaotic_city
Vaults:3: vaults_mumra_chevron_long, nicolae_vaults_prndl,
          nicolae_vaults_security_offices_6, nicolae_vaults_disjoint_gnomons,
          nicolae_vaults_twisting_passages, blue_anna_dwarven_crypt,
          ontoclasm_vaults_hangar, nicolae_vaults_border_crossing,
          nicolae_vaults_offset_grid_hallway_3, ontoclasm_vaults_hangar,
          vaults_room_grunt_arrival_checkpoint, layout_vaults_omnigrid,
          serial_shops, nicolae_shop_window_shopping
Vaults:4: nicolae_vaults_network_quinsquares
          [nicolae_vaults_network_quincunx_subvault,
          nicolae_vaults_network_quincunx_subvault,
          nicolae_vaults_network_quincunx_subvault,
          nicolae_vaults_network_quincunx_subvault],
          nicolae_vaults_network_square, nicolae_vaults_bisected_exclaves,
          nicolae_vaults_back_hallway, serial_library_regret_index_small_wings,
          nicolae_vaults_disjoint_gnomons, hangedman_vaults_stretched_pinwheel,
          nicolae_vaults_diamond_2, nicolae_vaults_diamond_2, v_rooms_4,
          layout_vaults_omnibox
Vaults:5
Depths:1: layout_cave_shapes, enter_ziggurat_f, gammafunk_ghost_grave,
          nicolae_hell_entry_big_baal_hell, minmay_hedge_maze,
          nicolae_the_louvre
Depths:2: gammafunk_its_a_trap, layout_gridlike, small_statue_intersection,
          rand_demon_pan_entry_3, hell_entry, uniq_vv
Depths:3: dreamdust_under_siege, layout_basic, pan_entry, abyss_entry,
          amcnicky_mini_pool_small, hangedman_geh_valley, grunt_megastairs_2
Depths:4: grunt_zot_entry_alcove, layout_cave_shapes, grunt_mini_vestibule
Hell
Zot:1:    layout_concentric_octagons, regret_index_zotdec_glowing_original,
          st_stairs_8, uniq_parghit
Zot:2:    layout_twisted_circle
Zot:3:    lemuel_acid_trip, layout_onion_interference
Zot:4:    layout_onion, uniq_josephina
Zot:5:    layout_cathedral_of_symmetry

Skill      XL: |  1  2  3  4  5  6  7  8  9 10 11 12 13 14 15 16 17 18 19 20 21 22 23 24 25 26 |
---------------+-------------------------------------------------------------------------------+-----
Stealth        | 1 2 3 4 5 6 7 9 10 11 12 14 | 14.0
Dodging        | 3 4 5 6 7 8 10 11 12 14 15 16 17 18 19 20 21 22 23 24 25 26 | 26.2
Shapeshifting  | 3 4 5 6 8 11 12 13 14 16 17 18 19 20 | 20.3
Fighting       | 2 3 4 5 7 9 10 12 13 14 15 16 17 | 17.9
Unarmed Combat | 4 5 6 7 8 10 12 13 14 15 16 17 18 19 20 21 22 | 22.1
Evocations     | 2 4 6 8 9 10 11 12 14 | 14.2
Summonings     | 10 13 14 15 16 17 | 17.0
Spellcasting   | 3 5 6 7 8 |  8.0
Translocations | 4 9 12 14 17 | 17.0
Air Magic      | 2 5 |  5.0

Action                     |  1- 3 |  4- 6 |  7- 9 | 10-12 | 13-15 | 16-18 | 19-21 | 22-24 | 25-27 || total
---------------------------+-------+-------+-------+-------+-------+-------+-------+-------+-------++-------
  Melee: Unarmed           |   101 |    93 |   421 |   737 |  1482 |  1042 |  1248 |  1646 |   417 ||  7187
         Punch             |     2 |     6 |    17 |     6 |       |    80 |   160 |   230 |    70 ||   571
         Bite              |     3 |     9 |    43 |    53 |       |    97 |   168 |   244 |    57 ||   674
         Constrict         |       |       |       |    58 |   336 |    24 |       |       |       ||   418
         Tailslap          |       |       |       |       |       |    77 |    16 |       |       ||    93
   Cast: Summon Cactus Gia |       |       |       |       |       |       |     5 |     7 |     2 ||    14
         Summon Lightning  |       |       |       |       |       |       |     3 |    12 |     5 ||    20
         Summon Forest     |       |       |       |       |       |       |     3 |    11 |     9 ||    23
         Vhi's Electric Ch |       |       |       |       |       |       |       |    20 |    17 ||    37
         Monstrous Menager |       |       |       |       |       |       |       |     3 |     4 ||     7
         Passage of Golubr |       |       |       |       |       |       |       |     1 |       ||     1
         Malign Gateway    |       |       |       |       |       |       |       |    11 |    14 ||    25
 Invoke: Serpent's Lash    |       |       |       |     5 |    21 |    15 |    15 |    19 |     6 ||    81
         Heavenly Storm    |       |       |       |       |     3 |     3 |     3 |     5 |     1 ||    15
Ability: Lunge             |       |     2 |    59 |    45 |   124 |   149 |   128 |   151 |    30 ||   688
         Whirlwind         |       |       |    63 |   222 |   567 |   330 |   414 |   719 |   147 ||  2462
         Wall Jump         |       |       |       |     5 |    10 |     5 |    14 |    10 |     1 ||    45
         Breathe Fire      |       |       |       |       |       |    40 |    11 |       |       ||    51
  Evoke: Wand              |       |       |    16 |    15 |    31 |    13 |       |       |     3 ||    78
         Phantom mirror    |       |       |       |       |       |     3 |       |     2 |     2 ||     7
         Lightning rod     |       |       |       |       |       |       |     4 |       |       ||     4
         Box of beasts     |       |       |       |       |       |       |       |     2 |     2 ||     4
         Horn of Geryon    |       |       |       |       |       |       |       |     1 |     2 ||     3
         Condenser vane    |       |       |       |       |       |       |       |       |     1 ||     1
    Use: Scroll            |       |       |     7 |    10 |    12 |     9 |     4 |     7 |     1 ||    50
         Potion            |       |       |     2 |     3 |    11 |     1 |    10 |    10 |     8 ||    45
   Stab: Sleeping          |    10 |     5 |    15 |    19 |    18 |    33 |    19 |    42 |     1 ||   162
         Distracted        |     2 |       |     2 |     2 |     6 |     1 |     5 |    12 |     7 ||    37
         Petrified         |       |       |       |       |       |       |       |       |     1 ||     1
 Armour: Skin              |    17 |    23 |    91 |   195 |   379 |   304 |   351 |   390 |   117 ||  1867
  Dodge: Dodged            |    70 |    61 |   256 |   591 |   949 |   984 |  1196 |  1869 |   467 ||  6443
   Form: Serpent           |       |       |       |     2 |       |     2 |       |       |       ||     4
         Flux              |       |       |       |     2 |       |       |       |       |       ||     2
         Beast             |       |       |       |     1 |       |       |       |       |       ||     1
         Dragon            |       |       |       |       |       |     5 |     3 |       |       ||     8
         Statue            |       |       |       |       |       |     2 |     4 |     1 |       ||     7
         Maw               |       |       |       |       |       |     1 |       |       |       ||     1
         Blade             |       |       |       |       |       |       |     1 |       |       ||     1
